 Dungeon Crawl Stone Soup version 0.17-a0-1632-g0af21bd (webtiles) character file.

9514 Murumi the Blocker (level 11, -4/87 HPs)
             Began as a Formicid Fighter on Aug 3, 2015.
             Was a Priest of the Shining One.
             Killed from afar by a deep elf mage (19 damage)
             ... with an orb of energy
             ... in a bailey.
             The game lasted 01:00:17 (10185 turns).

Murumi the Blocker (Formicid Fighter)              Turns: 10185, Time: 01:00:17

Health: -4/87      AC: 18    Str: 24    XL:     11   Next: 75%
Magic:  17/17      EV:  9    Int:  8    God:    the Shining One [***...]
Gold:   481        SH: 12    Dex: 10    Spells: 0 memorised, 10 levels left

rFire  . . .     SeeInvis +     a - +1 long sword
rCold  . . .     Clarity  .     w - +0 plate armour
rNeg   + + .     SustAt   .     c - +0 shield
rPois  .         Gourm    .     (helmet unavailable)
rElec  .         Spirit   .     h - +1 cloak
rCorr  .         Warding  +     b - +1 pair of gloves
rMut   .         Stasis   +     (no boots)
MR     +....                    l - amulet of warding
Stlth  ..........               (no ring)
                                (no ring)

@: glowing, somewhat resistant to hostile enchantments, extremely unstealthy
A: permanent stasis, dig shafts and tunnels, four strong arms, antennae 3
a: Dig, Shaft Self, Divine Shield, Renounce Religion


You were in a bailey.
You worshipped the Shining One.
The Shining One was most pleased with you.
You were not hungry.

You visited 2 branches of the dungeon, and saw 11 of its levels.
You also visited: Bailey.

You collected 481 gold pieces.

Inventory:

Hand weapons
 a - a +1 long sword (weapon)
Missiles
 q - 48 bolts
Armour
 b - a +1 pair of gloves (worn)
 c - a +0 shield (worn)
 h - a +1 cloak (worn)
 w - a +0 plate armour (worn)
Jewellery
 l - an amulet of warding (around neck)
 y - an uncursed amulet of stasis {unknown}
Scrolls
 t - 4 scrolls of remove curse
 u - a scroll of enchant weapon
Potions
 g - 3 potions of lignification
 j - a potion of heal wounds
 k - 4 potions of resistance
 m - 2 potions of flight
 o - a potion of agility
 v - 5 potions of curing
 x - 2 potions of magic
Comestibles
 e - 8 bread rations
 f - 9 fruits
 i - a slice of pizza
 p - 6 meat rations
 r - 7 royal jellies
 s - a beef jerky


   Skills:
 + Level 8.9 Fighting
 - Level 7.0 Long Blades
 - Level 8.1 Armour
 - Level 5.0 Dodging
 - Level 11.0 Shields
 - Level 9.0 Invocations


You had 10 spell levels left.
You didn't know any spells.

Dungeon Overview and Level Annotations

Branches:
Dungeon (10/15)            Temple (1/1) D:7
   Lair: D:8-11         Orc: D:9-12

Altars:
Ashenzari
Cheibriados
Dithmenos
Elyvilon
Fedhas
Gozag
Kikubaaqudgha
Makhleb
Nemelex Xobeh
Okawaru
Qazlal
Ru
Sif Muna
Trog
Vehumet
Xom
Yredelemnul
Zin
The Shining One


Innate Abilities, Weirdness & Mutations

You are under a permanent stasis effect.
You can dig through walls and to a lower floor.
Your four strong arms can wield two-handed weapons with a shield.
You have a pair of large antennae on your head (SInv).


Message History

You kill the deep elf mage!
You feel a little less agile now.
The ice beast disappears in a puff of smoke! x2
The deep elf mage gestures at you while chanting.
The lance of force hits you!
The battlesphere fires!
The barrage of energy hits you!
* * * LOW HITPOINT WARNING * * *
Drink which item? (? for menu, Esc to quit)
Okay, then.
There is an open door, spattered with blood here.
Items here: ( )))))) [[[ †† Your plate armour prevents you from hitting the deep elf mage.
You block the deep elf mage's attack.
You hit the deep elf mage but do no damage.
You block the deep elf mage's attack.
You slash the deep elf mage!
The deep elf mage is severely wounded.
The deep elf mage gestures at you while chanting.
The orb of energy hits you!
You die...

#....#.....#
#..).##...##
..
##..##'######.
###...###...##
#.....#.....#
#..∩..#.....#
#....)#.....#
##....#....#
#####@#
#....#e...# {
#..... ..*..#
#..... .....#
#..... .....#
##...# #...##
.### ###. ..
..


You could see a deep elf mage.

Vanquished Creatures
  2 unseen horrors
  Maurice (D:8)
  Joseph (D:8)
  2 trolls (D:9)
  A deep elf priest (Bailey)
  Prince Ribbit (D:8)
  5 yaks (D:9)
  2 hippogriffs
  A wyvern (D:7)
  4 deep elf magi (Bailey)
  3 wolves (D:9)
  2 deep elf fighters (Bailey)
  A hungry ghost (D:9)
  3 sky beasts (D:9)
  A black bear (D:9)
  2 orc warriors
  A phantom (D:4)
  4 centaurs
  7 ogres
  A big kobold (D:8)
  A crocodile (D:8)
  4 giant frogs
  A wyvern zombie (D:9)
  A gnoll sergeant (D:5)
  2 scorpions (D:9)
  5 wights (D:9)
  2 electric eels (D:9)
  3 spriggan skeletons (D:9)
  7 crimson imps
  3 orc priests
  3 wyvern simulacra (D:9)
  A jelly (D:9)
  3 centaur skeletons
  Jessica (D:3)
  A gnoll shaman (D:5)
  4 hounds
  8 orc wizards
  4 worker ants
  2 iguanas
  A giant frog simulacrum (D:9)
  A hound skeleton (D:9)
  39 gnolls
  15 adders
  A hound simulacrum (D:9)
  2 white imps (D:9)
  2 ufetubi (D:9)
  2 oozes
  3 adder skeletons
  2 adder zombies
  4 worms (D:3)
  35 orcs
  10 bats
  6 giant cockroaches
  15 goblins
  7 hobgoblins
  19 jackals
  5 quokkas
  4 giant geckos
  4 giant newts
  A jackal skeleton (D:4)
  A jackal zombie (D:5)
  17 kobolds
  A quokka zombie (D:5)
  10 rats
308 creatures vanquished.

Notes
Turn   | Place    | Note
--------------------------------------------------------------
     0 | D:1      | Murumi the Formicid Fighter began the quest for the Orb.
     0 | D:1      | Reached XP level 1. HP: 18/18 MP: 1/1
    74 | D:1      | Reached skill level 4 in Shields
   120 | D:1      | Reached XP level 2. HP: 24/24 MP: 2/2
   142 | D:1      | Reached skill level 1 in Dodging
   303 | D:1      | Reached XP level 3. HP: 14/29 MP: 3/3
  1042 | D:2      | Reached XP level 4. HP: 32/37 MP: 4/4
  2027 | D:3      | Noticed Jessica
  2071 | D:3      | Reached XP level 5. HP: 41/43 MP: 5/5
  2194 | D:3      | Killed Jessica
  2194 | D:3      | Reached skill level 5 in Fighting
  2275 | D:3      | Found a shimmering altar of Xom.
  2282 | D:3      | Found a burning altar of Makhleb.
  2438 | D:3      | Reached XP level 6. HP: 48/51 MP: 6/6
  3087 | D:4      | Reached skill level 6 in Fighting
  3091 | D:4      | Reached XP level 7. HP: 51/59 MP: 7/7
  3221 | D:4      | Reached skill level 5 in Shields
  4005 | D:5      | Entered Level 5 of the Dungeon
  4234 | D:5      | Reached skill level 5 in Armour
  4296 | D:5      | Reached XP level 8. HP: 65/65 MP: 8/8
  5325 | D:5      | Reached skill level 5 in Long Blades
  5835 | D:6      | Reached skill level 7 in Fighting
  5845 | D:6      | Reached XP level 9. HP: 60/72 MP: 9/9
  6203 | D:6      | Found a blossoming altar of Fedhas.
  6847 | D:7      | Reached skill level 5 in Dodging
  7329 | D:7      | Found an opulent altar of Gozag.
  7431 | D:7      | Reached skill level 8 in Shields
  7497 | D:7      | Found a staircase to the Ecumenical Temple.
  7504 | Temple   | Entered the Ecumenical Temple
  7558 | Temple   | Became a worshipper of the Shining One
  7849 | D:8      | Found a shimmering altar of Xom.
  7991 | D:8      | Noticed an unseen horror
  8004 | D:8      | Killed an unseen horror
  8004 | D:8      | Reached skill level 10 in Shields
  8004 | D:8      | Reached XP level 10. HP: 73/79 MP: 10/10
  8118 | D:8      | Noticed Joseph
  8164 | D:8      | Killed Joseph
  8250 | D:8      | Noticed Prince Ribbit
  8250 | D:8      | Acquired the Shining One's first power
  8256 | D:8      | Noticed Maurice
  8266 | D:8      | Killed Prince Ribbit
  8285 | D:8      | Killed Maurice
  8865 | D:9      | Acquired the Shining One's second power
  9069 | D:9      | Reached skill level 11 in Shields
  9069 | D:9      | Reached XP level 11. HP: 63/86 MP: 11/11
  9128 | D:9      | Reached skill level 1 in Invocations
  9220 | D:9      | Reached skill level 5 in Invocations
  9428 | D:9      | Found an ancient bone altar of Kikubaaqudgha.
  9431 | D:9      | Found a sparkling altar of Nemelex Xobeh.
  9433 | D:9      | Found a radiant altar of Vehumet.
  9819 | D:9      | Noticed an unseen horror
  9859 | D:9      | Killed an unseen horror
 10022 | D:10     | Entered Level 10 of the Dungeon
 10086 | D:10     | Found a flagged portal.
 10098 | Bailey   | Entered a bailey
 10185 | Bailey   | Killed from afar by a deep elf mage

Vault maps used:
D:1:      dpeg_arrival_orchard
D:2:      first_bread, st_stairs_7
D:3:      grunt_temple_overflow_champion_of_chaos, guppyfry_early_lair_pool,
          uniq_jessica
D:5:      lemuel_castle_with_subvaults
D:6:      lemuel_doored_altar, minivault_5
D:7:      grunt_gozag_statues, minmay_temple_entry_enclosed_plants
D:8:      basic_altar, uniq_prince_ribbit1, uniq_maurice, uniq_joseph
D:9:      grunt_temple_overflow_open, serial_ice, serial_ice_h, serial_ice_j,
          serial_ice_m, serial_ice_g, serial_ice_f, hangedman_tell_no_tales
D:10:     enter_bailey_3
Temple:   circular_temple_12
Bailey:   bailey_polearm_3, bailey

Action                   |  1- 3 |  4- 6 |  7- 9 | 10-12 || total
-------------------------+-------+-------+-------+-------++-------
Melee: Long sword        |   136 |   231 |   602 |   555 ||  1524
Invok: Divine Shield     |       |       |       |     1 ||     1
 Abil: Dig               |       |     2 |     2 |     5 ||     9
  Use: Scroll            |     2 |     4 |    12 |     3 ||    21
       Potion            |       |       |     1 |     3 ||     4
  Eat: Chunk             |     1 |     5 |    15 |     9 ||    30
       Beef jerky        |       |     1 |     1 |       ||     2
       Pizza             |       |       |     1 |       ||     1
